TOP OF THE 1ST |
Charleston RiverDogs batting - Pitching for Clinton LumberKings : RHP Mike Watkins
|
Pitching: RHP Mike Watkins
|
|
Batting: LHB Justin O'Neal
|
0-0: Called Strike 0-1: Ball 1-1: Ball 2-1: Foul Ball, location: 2F 2-2: Fly out, F5 (Popup, 56, EV 83.1 MPH)
|
Batting: SHB Corey Penson
|
0-0: Ball 1-0: SOLO HOME RUN (Flyball, 7D, EV 96.2 MPH), Distance : 384 ft
|
Batting: LHB Steve LeGrand
|
0-0: Ground out U3 (Groundball, 3, EV 109.4 MPH)
|
Batting: RHB Bill Nguyen-Tan
|
0-0: Ball 1-0: Ball 2-0: Ball 3-0: Base on Balls
|
Batting: RHB Iften Olujimi
|
0-0: Called Strike 0-1: Called Strike 0-2: Strikes out looking
|
Top of the 1st over - 1 run, 1 hit, 0 errors, 1 left on base; Charleston 1 - Clinton 0 |
BOTTOM OF THE 1ST |
Clinton LumberKings batting - Pitching for Charleston RiverDogs : LHP Ferrie Werkhoven
|
Pitching: LHP Ferrie Werkhoven
|
|
Batting: RHB Heihachiro Fujita
|
0-0: Called Strike 0-1: Ball 1-1: Swinging Strike 1-2: Strikes out swinging
|
Batting: RHB Kinzo Yokoyama
|
0-0: Called Strike 0-1: Fly out, F7 (Line Drive, 7S, EV 94.4 MPH)
|
Batting: RHB Chris Skaff
|
0-0: Called Strike 0-1: Ball 1-1: Ball 2-1: Ground out 5-3 (Groundball, 56S, EV 70.0 MPH)
|
Bottom of the 1st over - 0 runs, 0 hits, 0 errors, 0 left on base; Charleston 1 - Clinton 0 |
TOP OF THE 2ND |
Charleston RiverDogs batting - Pitching for Clinton LumberKings : RHP Mike Watkins
|
Batting: RHB Mike Zern
|
0-0: Ball 1-0: Ball 2-0: Ball 3-0: Called Strike 3-1: Foul Ball, location: 2F 3-2: Strikes out looking
|
Batting: RHB Jonathan Iniguez
|
0-0: Ball 1-0: Called Strike 1-1: Called Strike 1-2: Strikes out looking
|
Batting: RHB Matt Alderson
|
0-0: Ball 1-0: Swinging Strike 1-1: Ball 2-1: Called Strike 2-2: Foul Ball, location: 2F 2-2: Ball 3-2: Foul Ball, location: 2F 3-2: Strikes out swinging
|
Top of the 2nd over - 0 runs, 0 hits, 0 errors, 0 left on base; Charleston 1 - Clinton 0 |
BOTTOM OF THE 2ND |
Clinton LumberKings batting - Pitching for Charleston RiverDogs : LHP Ferrie Werkhoven
|
Batting: RHB Ryan Criollo
|
0-0: Ball 1-0: Ball 2-0: SOLO HOME RUN (Flyball, 7D, EV 103.8 MPH), Distance : 396 ft
|
Batting: RHB Ivan Davila
|
0-0: Ball 1-0: Called Strike 1-1: Foul Ball, location: 2F 1-2: Strikes out looking
|
Batting: RHB Rich Justice
|
0-0: Foul Ball, location: 2F 0-1: Swinging Strike 0-2: Ball 1-2: Foul Ball, location: 2F 1-2: Foul Ball, location: 2F 1-2: Ball 2-2: Strikes out swinging
|
Batting: SHB Raghnall Ahearne
|
0-0: Ball 1-0: Ball 2-0: Foul Ball, location: 2F 2-1: Swinging Strike 2-2: Hit by Pitch
|
Batting: RHB Omar Solis
|
0-0: Foul Ball, location: 2F 0-1: Ball 1-1: Swinging Strike 1-2: Foul Ball, location: 2F 1-2: Ball 2-2: Strikes out swinging
|
Bottom of the 2nd over - 1 run, 1 hit, 0 errors, 1 left on base; Charleston 1 - Clinton 1 |
TOP OF THE 3RD |
Charleston RiverDogs batting - Pitching for Clinton LumberKings : RHP Mike Watkins
|
Batting: RHB Louwe Starmans
|
0-0: Swinging Strike 0-1: Ball 1-1: Ball 2-1: Ball 3-1: Called Strike 3-2: Base on Balls
|
Batting: LHB Justin O'Neal
|
0-0: Ball 1-0: Grounds into double play, 4-6-3 (Groundball, 4, EV 79.4 MPH)
|
Batting: SHB Corey Penson
|
0-0: Ground out 6-3 (Groundball, 6, EV 83.1 MPH)
|
Top of the 3rd over - 0 runs, 0 hits, 0 errors, 0 left on base; Charleston 1 - Clinton 1 |
BOTTOM OF THE 3RD |
Clinton LumberKings batting - Pitching for Charleston RiverDogs : LHP Ferrie Werkhoven
|
Batting: SHB Tony Morales
|
0-0: Ground out 4-3 (Groundball, 4, EV 83.1 MPH)
|
Batting: RHB Heihachiro Fujita
|
0-0: Foul Ball, location: 2F 0-1: Swinging Strike 0-2: Strikes out swinging
|
DELAY
|
Rain delay of 50 minutes in the 3rd inning.
|
Batting: RHB Kinzo Yokoyama
|
0-0: Ball 1-0: Ball 2-0: Foul Ball, location: 2F 2-1: Swinging Strike 2-2: Fly out, F8 (Flyball, 89D, EV 80.0 MPH)
|
Bottom of the 3rd over - 0 runs, 0 hits, 0 errors, 0 left on base; Charleston 1 - Clinton 1 |
TOP OF THE 4TH |
Charleston RiverDogs batting - Pitching for Clinton LumberKings : RHP Mike Watkins
|
Batting: LHB Steve LeGrand
|
0-0: Called Strike 0-1: SINGLE (Groundball, 34D, EV 103.8 MPH)
|
Batting: RHB Bill Nguyen-Tan
|
0-0: Ball 1-0: Fly out, F8 (Line Drive, 78M, EV 86.9 MPH)
|
Batting: RHB Iften Olujimi
|
0-0: Called Strike 0-1: Called Strike Steve LeGrand steals 2nd base 0-2: Ground out 6-3 (Groundball, 6, EV 84.4 MPH)
|
Batting: RHB Mike Zern
|
0-0: Called Strike 0-1: Foul Ball, location: 2F 0-2: Foul Ball, location: 2F 0-2: Ball 1-2: Ball 2-2: Ground out 6-3 (Groundball, 6D, EV 97.5 MPH)
|
Top of the 4th over - 0 runs, 1 hit, 0 errors, 1 left on base; Charleston 1 - Clinton 1 |
BOTTOM OF THE 4TH |
Clinton LumberKings batting - Pitching for Charleston RiverDogs : LHP Ferrie Werkhoven
|
Batting: RHB Chris Skaff
|
0-0: Ball 1-0: Called Strike 1-1: Swinging Strike 1-2: Strikes out swinging
|
Batting: RHB Ryan Criollo
|
0-0: SINGLE (Groundball, 6MD, EV 103.8 MPH)
|
Batting: RHB Ivan Davila
|
0-0: Ball Ryan Criollo steals 2nd, throwing error, E2 Ryan Criollo to third 1-0: Called Strike 1-1: Foul Ball, location: 2F 1-2: Ball 2-2: Strikes out swinging
|
Batting: RHB Rich Justice
|
0-0: Called Strike 0-1: Ball 1-1: Foul Ball, location: 2F 1-2: Ground out 4-3 (Groundball, 4, EV 108.8 MPH)
|
Bottom of the 4th over - 0 runs, 1 hit, 1 error, 1 left on base; Charleston 1 - Clinton 1 |
TOP OF THE 5TH |
Charleston RiverDogs batting - Pitching for Clinton LumberKings : RHP Mike Watkins
|
Batting: RHB Jonathan Iniguez
|
0-0: Ball 1-0: SINGLE (Groundball, 6S, EV 61.9 MPH) (infield hit)
|
Batting: RHB Matt Alderson
|
0-0: Ball 1-0: Called Strike 1-1: Ball 2-1: Foul Ball, location: 2F 2-2: Ball 3-2: Foul Ball, location: 2F 3-2: Base on Balls Jonathan Iniguez to second
|
Batting: RHB Louwe Starmans
|
0-0: Grounds into double play, 5-4-3 (Groundball, 56, EV 104.4 MPH) Jonathan Iniguez to third
|
Batting: LHB Justin O'Neal
|
0-0: Swinging Strike 0-1: Ball 1-1: Ball 2-1: Ball 3-1: Base on Balls
|
Pitching: RHP Daniel Villalobos
|
|
Batting: SHB Corey Penson
|
0-0: Ball Passed Ball! Jonathan Iniguez scores Justin O'Neal to second 1-0: Called Strike 1-1: Foul Ball, location: 2F 1-2: Strikes out swinging
|
Top of the 5th over - 1 run, 1 hit, 0 errors, 1 left on base; Charleston 2 - Clinton 1 |
BOTTOM OF THE 5TH |
Clinton LumberKings batting - Pitching for Charleston RiverDogs : LHP Ferrie Werkhoven
|
Batting: SHB Raghnall Ahearne
|
0-0: Foul Ball, location: 2F 0-1: Called Strike 0-2: Foul Ball, location: 2F 0-2: Ball 1-2: Ball 2-2: Ball 3-2: Foul Ball, location: 2F 3-2: Base on Balls
|
Batting: RHB Omar Solis
|
0-0: Ball 1-0: Swinging Strike 1-1: Foul Ball, location: 2F 1-2: Strikes out swinging
|
Batting: SHB Tony Morales
|
0-0: Fielders Choice at 2nd, 1-6 (Groundball, 34S, EV 66.9 MPH)
|
Batting: RHB Heihachiro Fujita
|
0-0: Called Strike 0-1: Ball 1-1: Called Strike 1-2: Strikes out swinging, 2-3 out at first.
|
Bottom of the 5th over - 0 runs, 0 hits, 0 errors, 1 left on base; Charleston 2 - Clinton 1 |
TOP OF THE 6TH |
Charleston RiverDogs batting - Pitching for Clinton LumberKings : RHP Daniel Villalobos
|
Batting: LHB Steve LeGrand
|
0-0: Called Strike 0-1: Ball 1-1: Ball 2-1: Foul Ball, location: 2F 2-2: Foul Ball, location: 2F 2-2: Foul Ball, location: 2F 2-2: Ball 3-2: Base on Balls
|
Batting: RHB Bill Nguyen-Tan
|
0-0: Foul Ball, location: 2F 0-1: Ball 1-1: SINGLE (Groundball, 56D, EV 103.8 MPH) Steve LeGrand to second
|
Batting: RHB Iften Olujimi
|
0-0: Ball 1-0: Foul Ball, location: 2F 1-1: Ball 2-1: Ball 3-1: SINGLE (Groundball, 4MD, EV 103.1 MPH) Steve LeGrand to third Bill Nguyen-Tan to second
|
Batting: RHB Mike Zern
|
0-0: Ball 1-0: Grounds into fielders choice 5-2 (Groundball, 56S, EV 68.1 MPH) Bill Nguyen-Tan to third Iften Olujimi to second
|
Batting: RHB Jonathan Iniguez
|
0-0: Swinging Strike 0-1: Ball 1-1: Ball 2-1: Fly out, F7 (Flyball, 78M, EV 81.9 MPH) Runner from 3rd tags up, OUT at HOME! 7-2
|
Top of the 6th over - 0 runs, 2 hits, 0 errors, 2 left on base; Charleston 2 - Clinton 1 |
BOTTOM OF THE 6TH |
Clinton LumberKings batting - Pitching for Charleston RiverDogs : LHP Ferrie Werkhoven
|
Batting: RHB Kinzo Yokoyama
|
0-0: Called Strike 0-1: SINGLE (Line Drive, 9S, EV 85.6 MPH)
|
Batting: RHB Chris Skaff
|
0-0: Called Strike 0-1: Hit by Pitch Kinzo Yokoyama to second
|
Batting: RHB Ryan Criollo
|
0-0: Foul Ball, location: 2F 0-1: Ball 1-1: Ball 2-1: Swinging Strike 2-2: Ball 3-2: Base on Balls Kinzo Yokoyama to third Chris Skaff to second
|
Batting: RHB Ivan Davila
|
0-0: Ball 1-0: Swinging Strike 1-1: Ball 2-1: Called Strike 2-2: Fly out, F4 (Popup, 23, EV 89.4 MPH)
|
Batting: RHB Rich Justice
|
0-0: Called Strike 0-1: Ball 1-1: Called Strike 1-2: Ball 2-2: Ball 3-2: Base on Balls Kinzo Yokoyama scores Chris Skaff to third Ryan Criollo to second
|
Batting: SHB Raghnall Ahearne
|
0-0: Called Strike 0-1: Swinging Strike 0-2: Ball 1-2: Grounds into fielders choice 6-2 (Groundball, 6, EV 100.0 MPH) Ryan Criollo to third Rich Justice to second
|
Pitching: RHP Mike Pickens
|
|
Batting: RHB Omar Solis
|
0-0: Foul Ball, location: 2F 0-1: Ball 1-1: SINGLE (Groundball, 6D, EV 106.2 MPH) Ryan Criollo scores Rich Justice to third Raghnall Ahearne to second Runner from 3rd tries for Home, SAFE, throw by LF to home
|
Batting: SHB Tony Morales
|
0-0: Ball 1-0: Ball 2-0: Fielders Choice at 2nd, U6 (Groundball, 6M, EV 89.4 MPH)
|
Bottom of the 6th over - 3 runs, 2 hits, 0 errors, 2 left on base; Charleston 2 - Clinton 4 |
TOP OF THE 7TH |
Charleston RiverDogs batting - Pitching for Clinton LumberKings : RHP Daniel Villalobos
|
Batting: RHB Matt Alderson
|
0-0: Ball 1-0: Ball 2-0: Ground out 6-3 (Groundball, 6, EV 90.6 MPH)
|
Pinch Hitting: LHB Ernesto Abreu
|
0-0: Fly out, F7 (Flyball, 7, EV 77.5 MPH)
|
Batting: LHB Justin O'Neal
|
0-0: Called Strike 0-1: SOLO HOME RUN (Flyball, 7D, EV 103.8 MPH), Distance : 404 ft
|
Batting: SHB Corey Penson
|
0-0: Ball 1-0: Foul Ball, location: 2F 1-1: Foul Ball, location: 2F 1-2: Ground out U3 (Groundball, 34S, EV 93.8 MPH)
|
Top of the 7th over - 1 run, 1 hit, 0 errors, 0 left on base; Charleston 3 - Clinton 4 |
BOTTOM OF THE 7TH |
Clinton LumberKings batting - Pitching for Charleston RiverDogs : RHP Mike Pickens
|
Now at 3B: Lorenzo Vasquez
|
|
Batting: RHB Heihachiro Fujita
|
0-0: Ball 1-0: Ball 2-0: Called Strike 2-1: SOLO HOME RUN (Flyball, 7D, EV 102.5 MPH), Distance : 403 ft
|
Pitching: LHP Cory Musial
|
|
Batting: RHB Kinzo Yokoyama
|
0-0: Fly out, F9 (Flyball, 9, EV 86.9 MPH)
|
Batting: RHB Chris Skaff
|
0-0: Called Strike 0-1: Called Strike 0-2: Ball 1-2: Foul Ball, location: 2F 1-2: Ball 2-2: Ball 3-2: Base on Balls
|
Pitching: LHP Alex Pulido
|
|
Batting: RHB Ryan Criollo
|
0-0: Foul Ball, location: 2F 0-1: SINGLE (Groundball, 34, EV 103.8 MPH) Chris Skaff to second Runner from 2nd tries for 3rd, SAFE, no throw by RF
|
Batting: RHB Ivan Davila
|
0-0: Ball 1-0: Ball 2-0: Fly out, F8 (Flyball, 8LD, EV 107.5 MPH) Runner from 3rd tags up, OUT at HOME! 8-2
|
Bottom of the 7th over - 1 run, 2 hits, 0 errors, 1 left on base; Charleston 3 - Clinton 5 |
TOP OF THE 8TH |
Charleston RiverDogs batting - Pitching for Clinton LumberKings : RHP Daniel Villalobos
|
Pitching: RHP Luis Pantoja
|
|
Batting: LHB Steve LeGrand
|
0-0: Ball 1-0: Foul Ball, location: 2F 1-1: Ball 2-1: Foul Ball, location: 2F 2-2: Foul Ball, location: 2F 2-2: Ball 3-2: Base on Balls
|
Pinch Hitting: LHB Jeremiah Walker
|
0-0: Fielders Choice at 2nd, 4-6 (Groundball, 4M, EV 100.6 MPH)
|
Batting: LHB Dale Anderson
|
0-0: Called Strike 0-1: Ball 1-1: Ball 2-1: Grounds into double play, 4-6-3 (Groundball, 4, EV 86.2 MPH)
|
Top of the 8th over - 0 runs, 0 hits, 0 errors, 0 left on base; Charleston 3 - Clinton 5 |
BOTTOM OF THE 8TH |
Clinton LumberKings batting - Pitching for Charleston RiverDogs : LHP Alex Pulido
|
Now in RF: Francisco Vargas
|
|
Batting: RHB Rich Justice
|
0-0: Ball 1-0: Ball 2-0: Ball 3-0: Base on Balls
|
Batting: SHB Raghnall Ahearne
|
0-0: Called Strike 0-1: Sac Bunt to 15 - play at first, batter OUT! 1-3 Rich Justice to second
|
Batting: RHB Omar Solis
|
0-0: Swinging Strike 0-1: Called Strike 0-2: Strikes out looking
|
Batting: SHB Tony Morales
|
0-0: Ball 1-0: Called Strike 1-1: 2-RUN HOME RUN (Flyball, 78XD, EV 112.5 MPH), Distance : 435 ft
|
Batting: RHB Heihachiro Fujita
|
0-0: Ground out 4-3 (Groundball, 4S, EV 70.0 MPH)
|
Bottom of the 8th over - 2 runs, 1 hit, 0 errors, 0 left on base; Charleston 3 - Clinton 7 |
TOP OF THE 9TH |
Charleston RiverDogs batting - Pitching for Clinton LumberKings : RHP Luis Pantoja
|
Batting: RHB Mike Zern
|
0-0: Ball 1-0: Ball 2-0: Fly out, F9 (Flyball, 9LD, EV 104.4 MPH)
|
Batting: RHB Jonathan Iniguez
|
0-0: Ball 1-0: Foul Ball, location: 2F 1-1: Ball 2-1: Called Strike 2-2: Ball 3-2: Foul Ball, location: 2F 3-2: Base on Balls
|
Batting: RHB Matt Alderson
|
0-0: Ball 1-0: Ball 2-0: Grounds into double play, 4-6-3 (Groundball, 34, EV 83.1 MPH)
|
Top of the 9th over - 0 runs, 0 hits, 0 errors, 0 left on base; Charleston 3 - Clinton 7 |
|